AoeStats
← Malelf

Arabia

509590461Analyzed
1v1 RM · 3d ago on Sep 27, 2026· 30m 36s· 2 players
Game mode
Random Map
Map size
Tiny (2 player)
Population
200
Speed
Normal
Resources
Standard
Victory
Conquest
Starting age
Dark Age
Ending age
Imperial Age
RankedLock teamsTeams togetherTeam positionsShared explorationLock speedFull tech treeHidden civsTurbo modeCheats
Victory
Defeat
🇮🇹 Goths · Italy
1678
+10
🇹🇷 Saracens · Türkiye
1550
-10
Jerriks
5:17 Loom
9:19 Feudal Age
10:30 Double-Bit Axe
17:10 Fletching
20:20 Wheelbarrow
23:08 Castle Age
21:25 Padded Archer Armor
21:39 Gold Mining
21:31 Horse Collar
23:11 Crossbowman
23:48 Bodkin Arrow
26:23 Bow Saw
Malelf
8:41 Loom
11:23 Feudal Age
12:06 Double-Bit Axe
18:19 Castle Age
16:16 Gold Mining
17:06 Horse Collar
17:35 Fletching
18:49 Padded Archer Armor
19:28 Wheelbarrow
19:27 Bodkin Arrow
21:19 Bloodlines
25:27 Leather Archer Armor
25:56 Husbandry
27:07 Ballistics
27:54 Heavy Plow
28:11 Bow Saw
28:56 Hand Cart
Connection lost

Rejoining the realm…

Still unreachable

The connection could not be restored.

Session expired

The server has moved on; the page needs a fresh start.